 Dungeon Crawl Stone Soup version 0.13-a0-2484-gc765b08 (webtiles) character file.

630 Grabo the Ruffian (level 6, -13/57 HPs)
             Began as a Troll Skald on July 20, 2013.
             Mangled by an orc
             ... wielding a -1,+3 orcish hand axe of electrocution
              (14 damage)
             ... on Level 4 of the Dungeon.
             The game lasted 00:05:59 (2485 turns).

Grabo the Ruffian (Troll Skald)                     Turns: 2485, Time: 00:05:59

HP -13/57        AC  5     Str 21      XL: 6   Next: 81%
MP   6/6         EV  9     Int  8      God:
Gold 163         SH  0     Dex 11      Spells:  1 memorised,  6 levels left

Res.Fire  : . . .   See Invis. : .     - Unarmed
Res.Cold  : . . .   Warding    : .   b - +0 robe (curse)
Life Prot.: . . .   Conserve   : .   (shield restricted)
Res.Poison: +       Res.Corr.  : .   (helmet restricted)
Res.Elec. : .       Clarity    : .   (no cloak)
Sust.Abil.: . .     Spirit.Shd : .   (gloves unavailable)
Res.Mut.  : .       Stasis     : .   (boots unavailable)
Res.Rott. : .       Flight     : .   (no amulet)
Gourmand  : +                        (no ring)
                                     j - ring of poison resistance

@: slightly resistant to hostile enchantments, unstealthy
A: unfitting armour, claws 3, fast metabolism 3, gourmand, regeneration 2,
saprovore 2, tough skin 2, AC +1
a: no special abilities


You were on level 4 of the Dungeon.
You were very full.

You visited 1 branch of the dungeon, and saw 4 of its levels.

You collected 143 gold pieces.

Inventory:

Armour
 b - a cursed +0 robe (worn)
Comestibles
 a - 2 meat rations
 k - 2 apples
 n - a choko
 s - 2 bread rations
Scrolls
 h - a scroll of enchant weapon II {unknown}
 m - a scroll of enchant weapon I {unknown}
 p - a scroll of amnesia
 q - a scroll of teleportation
Jewellery
 j - a ring of poison resistance (left claw)
Potions
 d - 2 potions of might
 e - a potion of resistance {unknown}
 f - a potion of heal wounds
 g - 2 potions of curing
 l - a potion of brilliance
 u - 2 potions of slowing
Books
 c - a book of Battle

   Spells                             Type                      Level
   *Infusion                          Charms                       1
   Shroud of Golubria                 Charms/Translocation         2
   Song of Slaying                    Charms                       2
   Spectral Weapon                    Hexes/Charms                 3
   Regeneration                       Charms/Necromancy            3
   Song of Shielding                  Charms                       4


   Skills:
 - Level 1.5 Fighting
 - Level 1.2 Dodging
 * Level 7.2 Unarmed Combat
 - Level 1.2 Spellcasting
 - Level 2.3 Charms


You had 6 spell levels left.
You knew the following spells:

 Your Spells              Type           Power        Failure   Level  Hunger
a - Infusion              Chrm           #.....       17%         1    ##.....


Dungeon Overview and Level Annotations

Branches:
Dungeon (4/27)
 Temple: D:4-7

Altars:
Ashenzari
Makhleb
Trog
Zin


Innate Abilities, Weirdness & Mutations

You are too large for most types of armour.
You have claws for hands.
Your metabolism is lightning-fast.
You like to eat raw meat.
You heal very quickly.
You can eat rotten meat.
You are covered in fur (AC +1).
You have very tough skin (AC +2).


Message History

* * * LOW HITPOINT WARNING * * *
Things that are here:
an orcish club an orcish leather armour You hit the orc priest but do no damage.
The orc priest calls down the wrath of Beogh upon you.
You resist. The orc barely misses you.
You claw the orc priest!
The orc priest begins to bleed from its wounds!
The orc priest is almost dead.
The orc priest barely misses you. The orc barely misses you.
You hit the orc priest but do no damage.
The orc priest is almost dead.
The orc priest barely misses you. The orc closely misses you.
You hit the orc priest.
You kill the orc priest!
The orc hits you with an orcish hand axe of electrocution.
* * * LOW HITPOINT WARNING * * *
You are electrocuted!
You die...

#.# ..####### #.#
##. ........< #.#
...# ######### #.#
#oo# # #.# #o.# #
#.# #o.# # #.# #..#
# ########.# #..# #
.......o@###..#### #
######..)........# #
#.#####..##.# # #.
#..##.#### # #.
#........# ## #
#........# #.
##.......####.
#............
#.######.......####.


You could see an orc.

Vanquished Creatures
  Menkaure (D:4)
  An ogre (D:4)
  A water moccasin (D:4)
  An orc priest (D:4)
  A hound (D:4)
  5 adders
  3 worms
  A giant gecko (D:1)
  3 orcs
  A ball python (D:3)
  8 giant cockroaches
  7 goblins
  13 hobgoblins
  15 jackals
  11 bats
  2 giant newts (D:1)
  5 kobolds
  A quokka zombie (D:3)
  4 rats
84 creatures vanquished.

Notes
Turn   | Place    | Note
--------------------------------------------------------------
     0 | D:1      | Grabo, the Troll Skald, began the quest for the Orb.
     0 | D:1      | Reached XP level 1. HP: 19/19 MP: 3/3
   277 | D:1      | Reached XP level 2. HP: 17/27 MP: 3/3
   454 | D:1      | Reached skill level 3 in Unarmed Combat
   837 | D:1      | Reached XP level 3. HP: 33/33 MP: 4/4
   990 | D:2      | Found a shattered altar of Ashenzari.
  1077 | D:2      | Found a burning altar of Makhleb.
  1327 | D:2      | Reached XP level 4. HP: 38/41 MP: 5/5
  1529 | D:3      | Reached skill level 4 in Unarmed Combat
  2208 | D:4      | Noticed Menkaure
  2219 | D:4      | Killed Menkaure
  2219 | D:4      | Reached skill level 5 in Unarmed Combat
  2219 | D:4      | Reached XP level 5. HP: 21/48 MP: 5/5
  2309 | D:4      | Noticed a water moccasin
  2316 | D:4      | Killed a water moccasin
  2316 | D:4      | Reached skill level 6 in Unarmed Combat
  2316 | D:4      | Reached XP level 6. HP: 48/57 MP: 6/6
  2336 | D:4      | Found a bloodstained altar of Trog.
  2362 | D:4      | Noticed an ogre
  2372 | D:4      | Killed an ogre
  2372 | D:4      | Reached skill level 7 in Unarmed Combat
  2401 | D:4      | Found a glowing silver altar of Zin.
  2485 | D:4      | HP: 1/57 [orc/orcish hand axe of electrocution (5)]
  2485 | D:4      | Mangled by an orc

Action                   |  1- 3 |  4- 6 || total
-------------------------+-------+-------++-------
Melee: Unarmed           |   117 |   131 ||   248
 Cast: Infusion          |     1 |       ||     1
  Use: Scroll            |       |    13 ||    13
 Stab: Distracted        |     1 |       ||     1
